cohdb
Replays
Latest Replays
All Replays
Popular Replays
Top Player Replays
Match Explorer
How It Works
Community
CoH3 Stats
Reddit
Sign in to upload your games and track your stats! →
Sign in with Steam
Match 42431926
Unlisted
Match 42431926
Overview
Messages
Build Orders
End
Kradschützen Motorcycle Team
Selects Armored Support Battlegroup
Panzerpioneer Squad
Panzergrenadier Squad
250 Light Carrier
Panzergrenadier Squad
Construct Light Support Kompanie
Selects Veteran Gunners
Fire Support Elements
Selects Salvage Kits
Flakvierling Half-track
Assault Mechanized Group
2.5-tonne Medical Truck
Panzerjäger Squad
Vehicle Survival Package
Veteran Squad Leaders
Trion
=BIA=Decapsy
0
0
Comments
sign in to comment!
No comments posted yet!